giann, lawful female dwarven Valkyrie ---- --- |..| ---- --.-- --- ---- --..| --..| ---- |...| |.---..---..-- ---...---- ---..--|...| ----- ----|...........| ---.....(..| |.....-|...| |...| |..||........---- --..........| |..^...|.--- |...--- --.----.......--------.........<[| --....*..| ---...| ---..-- |..................^....--.| ---- ----- |.`.....| ---.--|.....| |........-------......---|.| |..| |...-- |.......-- |...|.....| --......-- |....-----|.| |..| |....|--.....[..| ---.----.-- |.....-| ---..|--..|.| --.---^..>||.....*...| |^..||..-- --.....| ---|....|.| |......-----.*.|.---- ---.--...----.....-- |.|....| |......| ---..---- --................^------ |.|--..| --..---- |...-- |....------.............| |.||...-- -----..| ---.--- |....| |............-- --.--.--%-- --.--..-- |*..| --.--- ---..........| |.....|...| |.......----.--- --- |....--..--- |...---...-----...........| --......-- |..........@Md.........---- -------- --.--------------..--.-- --- ------- giann the Fighter Experience level: 6 Strength: 16 Dexterity: 18 Constitution: 13 Intelligence: 8 Wisdom: 8 Charisma: 9 Health: 0(71) Energy: 9(9) Def: 5 Gold: 197 Moves: 5100 Dungeon seed: z3AphTNi1YoK72Fz Game ID: giann_1506317818 Your Inventory: Coins $ - 197 gold pieces Weapons a - a blessed rusty +1 long sword (weapon in hand) I - a +3 glaive Armor e - an uncursed rotted +3 small shield (being worn) n - a cursed thoroughly rotted +0 cloak of displacement (being worn) y - a blessed +1 dwarvish cloak N - an uncursed +0 pair of iron shoes (being worn) Comestibles c - an uncursed food ration B - an uncursed tripe ration K - 2 uncursed food rations Scrolls F - an uncursed scroll of enchant weapon Spellbooks m - an uncursed spellbook of haste self Potions C - a blessed potion of object detection O - a cursed potion of object detection Wands i - a wand of speed monster (0:1) r - a blessed wand of teleportation (0:3) t - a wand of create monster (0:3) w - a wand of digging (0:6) R - a wand of striking (0:0) Tools d - an uncursed oil lamp (0:1257) h - an uncursed bell s - an uncursed skeleton key z - an uncursed tin opener A - a magic marker (0:50) E - an uncursed brass lantern (0:1457) J - an uncursed tin whistle P - an uncursed pair of lenses (being worn) Gems q - 3 uncursed worthless pieces of black glass Spells and supernatural/magical abilities: Name Level Category Fail Memory W - pray for help -- divine ? -- Your skills at the end: Fighting Skills wands [Basic] Weapon Skills dagger [Basic] long sword [Basic] Spellcasting Skills Final Attributes: You were piously aligned. You were cold resistant. You had automatic searching. You had infravision. You were displaced. You were stealthy. You are dead. Vanquished creatures: a leprechaun a giant spider a black light an orc mummy 4 brown puddings a plains centaur 2 bugbears a water nymph a rock piercer a rock mole a pony a yellow light a shrieker a gnomish wizard a red naga hatchling 2 gray oozes an elf zombie a straw golem a dwarf 2 homunculi a kobold lord 2 kobold shamans 5 monkeys a dwarf zombie a wererat a werejackal an iguana an acid blob 7 manes a giant rat 4 cave spiders a brown mold a green mold 4 gnomes 5 geckos 7 jackals 2 kobolds 2 goblins 4 grid bugs a bat 4 lichens 4 newts 86 creatures vanquished. Voluntary challenges: You were an atheist. You used a wielded weapon 125 times, starting on turn 258. You read items or engraved 3 times, starting on turn 1182. You never genocided any monsters. You never polymorphed an object. You never changed form. You used no wishes. You split 3 puddings, starting on turn 4509. You never wrote Elbereth's name. You never violated your personal moral code. Dungeon overview: The Dungeons of Doom: levels 1 to 4 Level 1 a vault a long staircase Level 2 some fountains Level 3 a vault Level 4 a fountain stairs to The Gnomish Mines The Gnomish Mines: levels 5 to 9 Level 5 stairs to The Dungeons of Doom Level 6 Level 7 Level 8 many shops, a temple to Odin, some fountains, a sink Level 9 <- You were here History has recorded: On T:1 you entered the Dungeons of Doom to retrieve the Amulet of Yendor! On T:596 you reached level 2 of The Dungeons of Doom. On T:1026 you advanced to experience level 2. On T:1111 you reached level 3 of The Dungeons of Doom. On T:1537 you advanced to experience level 3. On T:1728 you reached level 4 of The Dungeons of Doom. On T:2289 you reached level 1 of The Gnomish Mines. On T:2371 you advanced to experience level 4. On T:2609 you advanced to experience level 5. On T:2873 you reached level 2 of The Gnomish Mines. On T:3197 you reached level 3 of The Gnomish Mines. On T:3612 you reached level 4 of The Gnomish Mines. On T:3835 you advanced to experience level 6. On T:4454 you reached level 5 of The Gnomish Mines. Score breakdown: Gold: 197 ( 7812 points) Experience: 6 levels (12456 points) Exploration: 9 levels ( 20.00%) (12792 points) Discoveries: 15 items ( 6.02%) ( 7363 points) Valuables value: (no points given unless you survive) Artifact value: 0 ( 0 points) Variety of kills: 42 monsters ( 10.97%) ( 9934 points) Turncount: 5100 turns (-1383 points) Survival: died (score multiplied by 80%) Total score: 39179 Latest messages: You kill the plains centaur! R - a wand of striking (0:0). There are many more objects here. The gecko bites! y - a dwarvish cloak. N - a pair of iron shoes. You kill the gecko! You hit the wood nymph! The wood nymph stole a purple-red potion. You start equipping your pair of iron shoes. You are now wearing a pair of iron shoes. You are already wearing a cloak. Nowhere else around here can be automatically explored. The elf mummy hits! (3x) You hit the elf mummy. The elf mummy hits! You hit the elf mummy. The elf mummy hits! You miss the elf mummy. The elf mummy hits! You die... Your body rises from the dead as a dwarf mummy... Final status: Farvel giann the Valkyrie, killed by an elf mummy... You died in The Gnomish Mines on dungeon level 9 with 39179 points, and 197 pieces of gold, after 5100 moves. You were level 6 with a maximum of 71 hit points when you died.